 Dungeon Crawl Stone Soup version 0.29-a0-72-g1732ff48e7 (webtiles) character file.

Game seed: 9658845111404025604

100 siradein the Caller (level 4, -2/25 HPs)
             Began as a Tengu Summoner on Feb 4, 2022.
             Slain by an adder (4 damage)
             ... on level 2 of the Dungeon.
             The game lasted 00:05:05 (2197 turns).

siradein the Caller (Tengu Summoner)                Turns: 2197, Time: 00:05:07

Health: -2/25      AC:  2    Str: 10    XL:     4   Next: 73%
Magic:  8/9        EV: 13    Int: 15    God:
Gold:   49         SH:  0    Dex: 15    Spells: 5/8 levels left

rFire   . . .      SeeInvis .   b - +0 dagger
rCold   . . .      Faith    .   (no shield)
rNeg    . . .      Spirit   .   a - +0 robe
rPois   .          Reflect  .   (helmet restricted)
rElec   .          Harm     .   (no cloak)
rCorr   .          Rampage  .   (no gloves)
Will    .....                   (boots unavailable)
Stlth   ++........              (no amulet)
HPRegen 0.08/turn               (no ring)
MPRegen 0.11/turn               (no ring)

@: lethally poisoned (-2 -> -7)
A: beak, talons 3
a: no special abilities


You were on level 2 of the Dungeon.
You visited 1 branch of the dungeon, and saw 2 of its levels.

You collected 49 gold pieces.

Inventory:

Hand Weapons
 b - a +0 dagger (weapon)
Armour
 a - a +0 robe (worn)
Jewellery
 e - a ring of ice
Scrolls
 c - a scroll of amnesia {unknown}
 g - a scroll of teleportation {unknown}
Potions
 d - a potion of berserk rage {unknown}
 f - a potion of flight {unknown}


   Skills:
 + Level 1.4 Fighting
 + Level 3.2 Dodging
 - Level 2.0 Stealth
 + Level 2.8 Spellcasting
 + Level 5.5 Summonings


You had 5 spell levels left.
You knew the following spells:

 Your Spells              Type           Power      Damage    Failure   Level
a - Summon Small Mammal   Summ           72%        N/A       1%          1
b - Call Imp              Summ           18%        N/A       3%          2

Your spell library contained the following spells:

 Spells                   Type           Power      Damage    Failure   Level
 Call Canine Familiar     Summ           18%        N/A       6%          3
 Summon Guardian Golem    Hex/Summ       10%        N/A       19%         3
 Summon Lightning Spire   Summ/Air       10%        N/A       54%         4


Dungeon Overview and Level Annotations

Branches:
Dungeon (2/15)

Altars:

Shops:
D:1 :   D:2 (


Innate Abilities, Weirdness & Mutations

You have a beak for a mouth.
You have claws for feet.


Message History

You closely miss the adder. You claw the adder.
The adder is moderately wounded.
The adder bites you.
You hit the adder but do no damage.
The adder is moderately wounded.
The adder bites you. x2
You are poisoned.
The adder poisons you!
You hit the adder. Your peck misses the adder.
The adder is heavily wounded.
You feel sick. The adder barely misses you.
You closely miss the adder. Your kick misses the adder.
The adder is heavily wounded.
You feel sick.
Your crimson imp hits the adder.
The adder closely misses your crimson imp.
You closely miss the adder.
The adder is heavily wounded.
You feel sick. The adder bites you.
* * * LOW HITPOINT WARNING * * *
You are lethally poisoned!
The adder poisons you!
Your crimson imp misses the adder.
The adder barely misses you.
You closely miss the adder.
The adder is heavily wounded.
* * * LOW HITPOINT WARNING * * *
You feel sick.
Your crimson imp closely misses the adder.
The adder closely misses you.
Unknown command.
You miss the adder. Your kick misses the adder. You punch the adder.
The adder is almost dead.
* * * LOW HITPOINT WARNING * * *
You feel sick.
Your crimson imp misses the adder.
The adder bites you but does no damage.
Unknown command.
You barely miss the adder.
The adder is almost dead.
* * * LOW HITPOINT WARNING * * *
You feel sick.
Your crimson imp misses the adder.
The adder bites you.
You die...

...÷........
####.####### .#
####.###### .###
............ ...<
####'####### ..# #.
.<........########.##...
##..(...................
#.########..........#
##.#⌠.....#.####@....#
...#..§≈≈...# #.S5..#
.).#.≈§≈≈≈..# #.....#
...#§≈≈≈§§..# #.....#
...#.≈≈§≈≈.## #.......
...#..≈≈≈..# #......#.
...#⌠.....## #####(.#
...######## ..# .......#


You could see an adder (ally target) and a friendly crimson imp (summoned).

Vanquished Creatures
  Natasha (D:2)
  2 dart slugs
  2 endoplasms (D:1)
  2 goblins
  2 hobgoblins
  2 kobolds
  A quokka (D:1)
  A bat (D:1)
  3 frilled lizards (D:1)
  A rat (D:2)
17 creatures vanquished.

Vanquished Creatures (collateral kills)
  Natasha (twice) (D:2)
  An endoplasm (D:1)
  A hobgoblin (D:1)
  A quokka (D:2)
  A frilled lizard (D:2)
6 creatures vanquished.

Grand Total: 23 creatures vanquished

Notes
Turn   | Place    | Note
-------+----------+-------------------------------------------
     0 | D:1      | siradein the Tengu Summoner began the quest for the Orb.
     0 | D:1      | Reached XP level 1. HP: 10/10 MP: 4/4
   210 | D:1      | Found a faded altar of an unknown god.
   612 | D:1      | Reached skill level 5 in Summonings
   669 | D:1      | Reached XP level 2. HP: 15/15 MP: 4/6
   672 | D:1      | Learned a level 2 spell: Call Imp
   830 | D:1      | Found Dowaireq's Book Boutique.
  1368 | D:2      | Noticed Natasha
  1732 | D:2      | Killed Natasha
  1733 | D:2      | Reached XP level 3. HP: 4/20 MP: 5/7
  1865 | D:2      | Noticed Natasha
  1870 | D:2      | Killed Natasha
  1871 | D:2      | Reached skill level 1 in Fighting
  1871 | D:2      | Reached XP level 4. HP: 9/25 MP: 6/9
  2077 | D:2      | Noticed Natasha
  2090 | D:2      | Killed Natasha
  2160 | D:2      | Found Refenof's Weapon Boutique.
  2197 | D:2      | Slain by an adder

Illustrated notes

Levels and vault maps discovered:
D:1:      dpeg_arrival_rooms_c, layout_loops_cross, serial_shops, shop,
          shapermc_ecumenical_altar_mp_vishouse, minmay_misc_feat_doors
D:2:      layout_basic, serial_shops, nicolae_lakefront_shop, uniq_natasha

Skill      XL: |  1  2  3 |
---------------+----------+-----
Summonings     | 5 |  5.5
Fighting       | 1 |  1.4
Dodging        | 3 |  3.2
Stealth        | |  2.0
Spellcasting   | |  2.8

Action                   |  1- 3 |  4- 6 || total
-------------------------+-------+-------++-------
Melee: Unarmed           |    20 |       ||    20
       Peck              |     8 |     2 ||    10
       Kick              |    10 |     3 ||    13
       Dagger            |    29 |    20 ||    49
       Punch             |     1 |     1 ||     2
 Cast: Summon Small Mamm |     7 |       ||     7
       Call Imp          |     8 |     3 ||    11
 Stab: Sleeping          |     5 |     1 ||     6
Armor: Robe              |     5 |     1 ||     6
Dodge: Dodged            |    29 |    11 ||    40

Table legend: (Time is in decaauts)
 A = Elapsed time spent in this place.
 B = Non-inter-level travel time spent in this place.
 C = Inter-level travel time spent in this place.
 D = Time resting spent in this place.
 E = Time spent auto-exploring this place.
 F = Levels seen in this place.
 G = Mean time per level.
                   A        B        C        D        E       F      G
               +--------+--------+--------+--------+--------+-----+--------+
         Total |   2205 |   2185 |     20 |    156 |   1742 |   2 | 1102.5 |
       Dungeon |   2205 |   2185 |     20 |    156 |   1742 |   2 | 1102.5 |
               +--------+--------+--------+--------+--------+-----+--------+

Top non-repeatable levels by time:
     D:1: 1549 daAuts
     D:2: 656 daAuts
